 Dungeon Crawl Stone Soup version 0.29.0-4-gdea44cf6ec (webtiles) character file.

Game seed: 16369303463696067171

143 qw the Chopper (level 5, -1/30 HPs)
             Began as a Tengu Warper on Aug 28, 2022.
             Slain by Ijyb
             ... wielding a +0 dagger
              (5 damage)
             ... on level 4 of the Dungeon.
             The game lasted 00:00:19 (2362 turns).

qw the Chopper (Tengu Warper)                       Turns: 2362, Time: 00:00:20

Health: -1/30      AC: 11    Str: 14    XL:     5   Next: 25%
Magic:  9/9        EV:  5    Int: 13    God:
Gold:   217        SH:  0    Dex: 13    Spells: 8/8 levels left

rFire   . . .      SeeInvis .   Y - +0 hand axe
rCold   . . .      Faith    .   (no shield)
rNeg    . . .      Spirit   .   l - +0 plate armour
rPois   .          Reflect  .   (helmet restricted)
rElec   .          Harm     .   (no cloak)
rCorr   .          Rampage  .   (no gloves)
Will    .....                   (boots unavailable)
Stlth   ..........              m - amulet of regeneration
HPRegen 0.90/turn               (no ring)
MPRegen 0.11/turn               (no ring)

@: about to teleport, flying quickly and evasively, quick
A: beak, talons 3, nimble flight
a: no special abilities


You were on level 4 of the Dungeon.
You visited 1 branch of the dungeon, and saw 4 of its levels.

You collected 217 gold pieces.


Innate Abilities, Weirdness & Mutations

You have a beak for a mouth.
You have claws for feet.
Your magical nature lets you fly swiftly and evasively.


   Skills:
 - Level 2.0 Fighting
 + Level 5.4 Axes
 - Level 1.0 Throwing
 - Level 2.3 Armour
 - Level 2.1 Dodging
 - Level 2.0 Spellcasting
 - Level 2.4 Translocations


You had 8 spell levels left.
You didn't know any spells.
Your spell library contained the following spells:

 Spells                   Type           Power      Damage    Failure   Level
 Blink                    Tloc           14%        N/A       100%        2
 Gell's Gravitas          Tloc           7%         N/A       100%        3
 Lesser Beckoning         Tloc           7%         N/A       100%        3
 Teleport Other           Tloc           7%         N/A       100%        3
 Manifold Assault         Tloc           7%         N/A       100%        5

Inventory:

Hand Weapons
 h - a +0 flail
 Y - a +0 hand axe (weapon)
Missiles
 d - a javelin (quivered)
Armour
 l - a +0 plate armour (worn)
Jewellery
 m - an amulet of regeneration (around neck)
Scrolls
 c - a scroll of fear {unknown}
 e - 2 scrolls of identify
Potions
 a - a potion of cancellation {unknown}
 f - a potion of berserk rage {unknown}
 i - 2 potions of curing {unknown}

Dungeon Overview and Level Annotations

Branches:
Dungeon (4/15)
 Temple: D:4-7

Altars:
Nemelex Xobeh

Annotations:
D:4 Ijyb


Message History

You hit the orc. Your kick misses the orc.
The orc is heavily wounded.
You hit the orc. The orc barely misses you.
The orc hits you but does no damage.
You hit the orc but do no damage. You claw the orc.
You kill the orc!
You hit the orc. The orc hits you but does no damage.
You closely miss the orc. You claw the orc.
You kill the orc!
You hit Ijyb but do no damage. You claw Ijyb, but do no damage.
Your peck misses Ijyb. Ijyb hits you but does no damage.
You closely miss Ijyb.
Ijyb drinks a potion.
Ijyb seems to grow stronger.
You hit Ijyb but do no damage. You peck Ijyb, but do no damage.
Ijyb hits you with a +0 dagger.
You closely miss Ijyb. Ijyb hits you with a +0 dagger.
You closely miss Ijyb. Ijyb hits you but does no damage.
You closely miss Ijyb. Ijyb hits you with a +0 dagger.
You hit Ijyb but do no damage. Ijyb screams, "I cut your head off!"
Ijyb hits you with a +0 dagger.
You hit Ijyb. You claw Ijyb.
Ijyb is lightly wounded.
Ijyb zaps a wand.
The puff of flame hits you.
You hit Ijyb. Your kick misses Ijyb.
Ijyb is heavily wounded.
Ijyb hits you with a +0 dagger.
You barely miss Ijyb. Your peck misses Ijyb.
Ijyb is heavily wounded.
Ijyb zaps a wand.
The puff of flame hits you!
2362 ||| READING scroll of teleportation.
As you read the scroll of teleportation, it crumbles to dust.
You feel strangely unstable. Ijyb hits you with a +0 dagger.
You die...

# ... .# ... #. ...
#. #.# #. #.# #.# #.
#.# #.#
#.##.########.####.#
#....g@....##......#
#(...).........###.#
#(##.#####.###.#
#.#### .. #. #.#
#.###..... . #. #.#
#......... #. #.#
#.###..### #.
#....<........ #.
#.....###.....
##..#.# ##.##.


You could see Ijyb (strong).

Vanquished Creatures
  A hound (D:4)
  3 adders
  A worm (D:2)
  A dart slug (D:4)
  5 orcs
  7 bats
  8 endoplasms
  4 giant cockroaches
  9 goblins
  6 hobgoblins
  3 jackals (D:2)
  3 quokkas
  8 ball pythons
  4 frilled lizards
  6 kobolds
  4 rats
73 creatures vanquished.

Notes
Turn   | Place    | Note
-------+----------+-------------------------------------------
     0 | D:1      | qw the Tengu Warper began the quest for the Orb.
     0 | D:1      | Reached XP level 1. HP: 12/12 MP: 4/4
     0 | D:1      | 0 ||| qw: Version: 0.1-a-89-g26bdef1
     0 | D:1      | 0 ||| qw: Game counter: 2346
     0 | D:1      | 0 ||| qw: Always use a shield: true
     0 | D:1      | 0 ||| qw: God list: Okawaru
     0 | D:1      | 0 ||| qw: Allow faded altars: false
     0 | D:1      | 0 ||| qw: Do Orc after D:15 true
     0 | D:1      | 0 ||| qw: Do second Lair branch before Depths: true
     0 | D:1      | 0 ||| qw: Lair rune preference: random
     0 | D:1      | 0 ||| qw: Plans: Normal
     0 | D:1      | 0 ||| PLANNING D:1-11
    86 | D:1      | 86 ||| DROPPING +0 club.
   123 | D:1      | Reached skill level 3 in Axes
   123 | D:1      | Reached XP level 2. HP: 17/17 MP: 6/6
   123 | D:1      | 123 ||| Stepping ~*~*~tactically~*~*~ (stealth).
   522 | D:1      | 522 ||| Stepping ~*~*~tactically~*~*~ (stealth).
   546 | D:1      | 546 ||| Stepping ~*~*~tactically~*~*~ (stealth).
   716 | D:1      | Found a faded altar of an unknown god.
   794 | D:1      | Reached XP level 3. HP: 19/21 MP: 7/7
   925 | D:1      | Reached skill level 4 in Axes
   987 | D:1      | 987 ||| UPGRADING to +0 ring mail.
   997 | D:1      | 997 ||| DROPPING +0 leather armour.
   998 | D:1      | 998 ||| UPGRADING to +0 chain mail.
  1008 | D:1      | 1008 ||| DROPPING +0 ring mail.
  1009 | D:1      | 1009 ||| UPGRADING to +0 plate armour.
  1019 | D:1      | 1019 ||| DROPPING +0 chain mail.
  1020 | D:1      | 1020 ||| UPGRADING to amulet of regeneration.
  1025 | D:1      | 1025 ||| DROPPING +6 ring of intelligence.
  1026 | D:1      | 1026 ||| READING scroll labelled BINLYE GIETUTZ.
  1030 | D:1      | 1030 ||| READING scroll labelled NUNAWO QEZEA.
  1031 | D:1      | 1031 ||| READING scroll labelled TAOBUGH WAEWI.
  1032 | D:1      | 1032 ||| READING scroll labelled USEBEHITOO.
  1043 | D:1      | 1043 ||| DROPPING scroll of blinking.
  1079 | D:2      | 1079 ||| Stepping ~*~*~tactically~*~*~ (stealth).
  1080 | D:2      | 1080 ||| Stepping ~*~*~tactically~*~*~ (stealth).
  1082 | D:2      | 1082 ||| Stepping ~*~*~tactically~*~*~ (hiding).
  1369 | D:2      | Reached XP level 4. HP: 26/26 MP: 8/8
  1712 | D:2      | 1712 ||| READING scroll labelled YMOOBRE XEPH.
  1761 | D:3      | 1761 ||| Stepping ~*~*~tactically~*~*~ (stealth).
  2194 | D:3      | Found a sparkling altar of Nemelex Xobeh.
  2232 | D:3      | 2232 ||| READING scroll labelled ICIEGO OFYPENG.
  2233 | D:3      | 2233 ||| READING scroll labelled SIBLUZ OCUO.
  2234 | D:3      | 2234 ||| READING scroll labelled GIOMEL ARURYRU.
  2267 | D:4      | 2267 ||| STAIRDANCE
  2304 | D:4      | Reached skill level 5 in Axes
  2304 | D:4      | Gained mutation: Your magical nature lets you fly swiftly
                  | and evasively. [Tengu growth]
  2304 | D:4      | Reached XP level 5. HP: 30/30 MP: 9/9
  2336 | D:4      | 2336 ||| Stepping ~*~*~tactically~*~*~ (hiding).
  2346 | D:4      | Noticed Ijyb
  2347 | D:4      | 2347 ||| Stepping ~*~*~tactically~*~*~ (hiding).
  2361 | D:4      | HP: 3/30 [Ijyb/puff of flame (8)]
  2362 | D:4      | 2362 ||| READING scroll of teleportation.
  2362 | D:4      | Slain by Ijyb

Levels and vault maps discovered:
D:1:      heliophobic_arrival_battle_scene, layout_rooms,
          ebering_ecumenical_altar_ruins, bh_walls_and_bars
D:2:      layout_loops_ring, chequers_serial_rivers_room_b
D:3:      layout_rooms, amcnicky_altar_gilded, minmay_misc_feat_cross,
          due_unseen_surprise
D:4:      layout_loops_ring, led_sif_book, serial_shops, shop,
          roderic_lattice_a, uniq_natasha, uniq_ijyb, uniq_pikel, uniq_sigmund,
          uniq_edmund

Skill      XL: |  1  2  3  4 |
---------------+-------------+-----
Axes           | 3 4 5 |  5.4
Armour         | 2 |  2.3
Fighting       | |  2.0
Throwing       | |  1.0
Dodging        | |  2.1
Spellcasting   | |  2.0
Translocations | |  2.4

Action                   |  1- 3 |  4- 6 || total
-------------------------+-------+-------++-------
Melee: Hand axe          |    96 |    58 ||   154
       Kick              |    23 |    16 ||    39
       Peck              |    11 |     7 ||    18
       Punch             |     2 |       ||     2
Throw: Boomerang         |     7 |       ||     7
       Javelin           |       |    39 ||    39
  Use: Scroll            |     4 |     5 ||     9
Armor: Leather armour    |    10 |       ||    10
       Plate armour      |    30 |    33 ||    63
Dodge: Dodged            |    31 |     7 ||    38

Table legend:
 A = Non-vault XP
 B = Vault XP
 C = Vault XP percentage of total XP
 D = Non-vault monster count
 E = Vault monster count
 F = Vault count percentage of total count
                 A         B        C        D         E       F
            +---------+---------+-------+---------+---------+-------
      Total |     205 |       0 |   0.0 |      73 |       0 |   0.0
            +---------+---------+-------+---------+---------+-------
        D:1 |      45 |       0 |   0.0 |      28 |       0 |   0.0
        D:2 |      67 |       0 |   0.0 |      24 |       0 |   0.0
        D:3 |      34 |       0 |   0.0 |      13 |       0 |   0.0
        D:4 |      59 |       0 |   0.0 |       8 |       0 |   0.0
            +---------+---------+-------+---------+---------+-------
